 Dungeon Sprint DCSS version 0.32-a0-485-g70f7560b1c (webtiles) character file.

Game seed: 9645410010097729003

3875 rocky1 the Fighter (level 10, -8/120 HPs)
             Began as an Oni Gladiator on Feb 26, 2024.
             Was the Champion of Cheibriados.
             Killed by nerve-wracking pain
             ... invoked by Menkaure
              (9 damage)
             ... in the Dungeon (Sprint VII: "The Pits").
             The game lasted 00:04:36 (2063 turns).

rocky1 the Fighter (Oni Gladiator)                  Turns: 2063, Time: 00:04:37

Health: -8/120     AC:  3    Str: 39    XL:     10   Next: 19%
Magic:  14/19      EV: 18    Int: 24    God:    Cheibriados [******]
Gold:   0          SH:  0    Dex: 25    Spells: 9/9 levels left

rFire   . . .        u - +2 war axe (heavy)
rCold   . . .        (no shield)
rNeg    . . .        b - +0 robe
rPois   .            c - +0 hat
rElec   .            (no cloak)
rCorr   .            (gloves unavailable)
SInv    .            (boots unavailable)
Will    +....        (no amulet)
Stlth   ++           (no ring)
HPRegen 0.40/turn    (no ring)
MPRegen 0.16/turn

%: no teleportation
@: frozen, very slow
A: large, unfitting armour, horns 1, tough skin 1, double potion healing,
drunken brawling
a: Renounce Religion, Bend Time, Temporal Distortion, Slouch, Step From Time


You were in the Dungeon.
You worshipped Cheibriados.
Cheibriados was exalted by your worship.
You visited 1 branch

Inventory:

Hand Weapons
 a - a +0 war axe
 p - a +0 hand axe of freezing
 t - a +2 morningstar of protection
 u - a +2 heavy war axe (weapon)
 v - a +0 giant spiked club
Missiles
 d - 3 throwing nets (quivered)
 e - a large rock
Armour
 b - a +0 robe (worn)
 c - a +0 hat (worn)
Jewellery
 q - a +3 ring of intelligence
 r - a +3 ring of strength
Scrolls
 k - a scroll of blinking
 m - 2 scrolls of vulnerability
 n - 5 scrolls of amnesia
 o - a scroll of butterflies
Potions
 f - 9 potions of curing
 g - 5 potions of heal wounds
 h - 2 potions of haste
 i - 4 potions of magic
 j - 2 potions of berserk rage
 l - 2 potions of invisibility
 s - 3 potions of mutation


   Skills:
 + Level 13.7 Fighting
 * Level 12.9 Axes
 - Level 2.0 Throwing
 - Level 8.0 Armour
 + Level 10.0 Dodging
 + Level 12.2 Invocations


You had 9 spell levels left.
You didn't know any spells.
Your spell library was empty.

Dungeon Overview and Level Annotations

Branches:
Dungeon (1/1)

Altars:
Ashenzari
Cheibriados
Dithmenos
Elyvilon
Fedhas
Gozag
Hepliaklqana
Kikubaaqudgha
Makhleb
Nemelex Xobeh
Okawaru
Qazlal
Ru
Sif Muna
Trog
Uskayaw
Vehumet
Wu Jian
Xom
Yredelemnul
Zin
The Shining One
Beogh
Jiyva
Lugonu

Annotations:
D Menkaure


Innate Abilities, Weirdness & Mutations

You are too large for most types of armour.
You have a pair of small horns on your head.
You have tough skin. (AC +1)
You gain doubled healing and magic from potions.
Whenever you drink a healing potion, you attack all around you.


Message History

v - a +0 giant spiked club You start resting.
HP restored.
You start resting.
Magic restored.
You start waiting.
Done waiting.
As you open the door, it creaks loudly!
You hear an angry hiss.
You hear a shout! x2
Menkaure, Prince of Dust comes into view.
Eustachio the Magnificent comes into view.
He is wielding a +0 rapier and wearing a +1 leather armour of cold resistance.
There is an open door here.
You barely miss Eustachio. Eustachio closely misses you.
Menkaure calls on the powers of darkness!
Eustachio convulses!
Your body is wracked with pain!
You slice Eustachio!!
You kill Eustachio!
Cheibriados appreciates the change of pace.
A rime drake comes into view.
A tyrant leech and a deep troll come into view.
The deep troll shouts!
The rime drake breathes ice at you. The icy flash freeze hits you!!
* * * LOW HITPOINT WARNING * * *
You are encased in ice.
Menkaure hits you!!
* * * LOW HITPOINT WARNING * * *
A jackal comes into view.
Menkaure hits you!
* * * LOW HITPOINT WARNING * * *
The jackal moves out of view.
Activating: Slouch (1% risk of failure)
Press: ? - help, Dir - look around, f - activate You can feel time thicken for a moment.
You kill the rime drake!
Cheibriados appreciates the change of pace.
Menkaure casts a spell at you. Pain shoots through your body!
You die...
Cheibriados appreciates the motionlessness of death.

.....##..####.....#
.....##...##......# #
#######....)......+ .+
#######...##÷.....# ..#
#..[[##..####....÷##.##
#..[[##..# ##...##...##
'..).##..##.
##.##.....# #...)##..#
#..#'#M......
#..))##..# #.)w@T.#
########## ########


You could see a tyrant leech, a deep troll and Menkaure.

Vanquished Creatures
  A two-headed ogre (D)
  A sea snake (D)
  An orange demon (D)
  2 kobold demonologists (D)
  A rime drake (D)
  A tyrant leech (D)
  3 glass eyes (D)
  Sigmund (D)
  Eustachio (D)
  3 wolves (D)
  A phantom (D)
  A brain worm (D)
  A kobold brigand (D)
  4 scorpions (D)
  4 killer bees (D)
  A gnoll bouda (D)
  An orc priest (D)
  A hell rat (D)
  A mummy (D)
  4 gnolls (D)
  An ufetubus (D)
  A dart slug (D)
  5 orcs (D)
  A ball python (D)
  An endoplasm (D)
  A giant cockroach (D)
  2 hobgoblins (D)
  2 quokkas (D)
  A frilled lizard (D)
  2 kobolds (D)
51 creatures vanquished.

Notes
Turn   | Place    | Note
-------+----------+-------------------------------------------
     0 | D        | rocky1 the Oni Gladiator began the quest for the Orb.
     0 | D        | Reached XP level 1. HP: 22/22 MP: 1/1
    16 | D        | Reached skill level 3 in Fighting
    42 | D        | Found a bloodstained altar of Trog.
    42 | D        | Found a shimmering blue altar of Sif Muna.
    42 | D        | Found a viscous altar of Jiyva.
    42 | D        | Found a hazy altar of Hepliaklqana.
    42 | D        | Found an opulent altar of Gozag.
    43 | D        | Found a glowing golden altar of the Shining One.
    43 | D        | Found a glowing silver altar of Zin.
    43 | D        | Found a basalt altar of Yredelemnul.
    43 | D        | Found a shimmering altar of Xom.
    43 | D        | Found an ornate altar of the Wu Jian Council.
    43 | D        | Found a sacrificial altar of Ru.
    43 | D        | Found a stormy altar of Qazlal.
    43 | D        | Found an iron altar of Okawaru.
    43 | D        | Found a sparkling altar of Nemelex Xobeh.
    43 | D        | Found a burning altar of Makhleb.
    43 | D        | Found a blossoming altar of Fedhas.
    43 | D        | Found a white marble altar of Elyvilon.
    43 | D        | Found a shadowy altar of Dithmenos.
    43 | D        | Found a snail-covered altar of Cheibriados.
    46 | D        | Found a corrupted altar of Lugonu.
    46 | D        | Found a radiant altar of Vehumet.
    46 | D        | Found a roughly hewn altar of Beogh.
    47 | D        | Found an ancient bone altar of Kikubaaqudgha.
    47 | D        | Found a hide-covered altar of Uskayaw.
    47 | D        | Found a broken altar of Ashenzari.
    54 | D        | Became a worshipper of Cheibriados the Contemplative
    70 | D        | Noticed a glass eye
    86 | D        | Killed a glass eye
    86 | D        | Reached * piety under Cheibriados
    87 | D        | Reached skill level 6 in Fighting
    87 | D        | Reached skill level 5 in Axes
    87 | D        | Reached skill level 5 in Dodging
    87 | D        | Reached skill level 5 in Invocations
    87 | D        | Reached XP level 2. HP: 37/37 MP: 1/5
    87 | D        | Reached XP level 3. HP: 45/45 MP: 1/7
    87 | D        | Reached XP level 4. HP: 53/53 MP: 1/8
    87 | D        | Reached XP level 5. HP: 61/61 MP: 1/9
   268 | D        | Reached skill level 7 in Fighting
   268 | D        | Reached XP level 6. HP: 61/71 MP: 10/10
   269 | D        | Reached ** piety under Cheibriados
   322 | D        | Noticed a glass eye
   328 | D        | Reached *** piety under Cheibriados
   329 | D        | Reached skill level 8 in Fighting
   329 | D        | Reached skill level 5 in Armour
   338 | D        | Killed a glass eye
   339 | D        | Reached skill level 9 in Fighting
   339 | D        | Reached XP level 7. HP: 54/83 MP: 10/12
   571 | D        | Noticed Sigmund
   572 | D        | Noticed a glass eye
   580 | D        | Killed Sigmund
   581 | D        | Reached **** piety under Cheibriados
   586 | D        | Reached ***** piety under Cheibriados
   597 | D        | Killed a glass eye
   598 | D        | Reached skill level 10 in Fighting
   602 | D        | Reached XP level 8. HP: 91/93 MP: 14/14
   613 | D        | Reached ****** piety under Cheibriados
  1292 | D        | Noticed a kobold demonologist
  1292 | D        | Noticed a kobold demonologist
  1294 | D        | Killed a kobold demonologist
  1294 | D        | Killed a kobold demonologist
  1295 | D        | Reached skill level 11 in Fighting
  1295 | D        | Reached skill level 10 in Axes
  1295 | D        | Reached skill level 10 in Invocations
  1295 | D        | Reached XP level 9. HP: 106/106 MP: 5/16
  1395 | D        | Noticed an orange demon
  1404 | D        | Killed an orange demon
  1405 | D        | Reached skill level 12 in Fighting
  1848 | D        | Noticed a tyrant leech
  1848 | D        | Noticed a sea snake
  1848 | D        | Noticed a two-headed ogre
  1856 | D        | Killed a sea snake
  1857 | D        | Reached skill level 13 in Fighting
  1857 | D        | Killed a tyrant leech
  1858 | D        | Killed a two-headed ogre
  1859 | D        | Reached skill level 10 in Dodging
  1859 | D        | Reached XP level 10. HP: 101/120 MP: 3/19
  2059 | D        | Noticed Menkaure
  2059 | D        | Noticed Eustachio
  2061 | D        | Killed Eustachio
  2062 | D        | Noticed a deep troll
  2062 | D        | HP: 1/120 [Menkaure (14)]
  2063 | D        | Killed from afar by Menkaure

Illustrated notes

Levels and vault maps discovered:
D:        pitsprint [storerooms_1, entrance_room_1, metal_vault_3, armoury_3,
          mini_pit_1, grid_room_1, main_hall_1, silver_pit, the_coven_2,
          the_vestibule_1, steel_vault_3, golden_pit, hallway_of_sentries,
          crystal_vault_5, iron_vault_5, final_vault]

Skill      XL: |  1  2  3  4  5  6  7  8  9 |
---------------+----------------------------+-----
Fighting       | 6 7 9 10 11 13 | 13.7
Dodging        | 5 6 7 8 10 | 10.0
Axes           | 5 6 7 8 10 12 | 12.9
Armour         | 4 5 6 8 |  8.0
Invocations    | 5 6 7 8 10 12 | 12.2
Throwing       | |  2.0

Action                     |  1- 3 |  4- 6 |  7- 9 | 10-12 || total
---------------------------+-------+-------+-------+-------++-------
  Melee: War axe           |    18 |    18 |    51 |     2 ||    89
         Headbutt          |     3 |     2 |    12 |       ||    17
 Invoke: Slouch            |       |       |     7 |     1 ||     8
    Use: Potion            |       |       |     5 |       ||     5
   Stab: Sleeping          |     1 |       |     1 |       ||     2
 Armour: Robe              |     5 |     9 |    38 |     3 ||    55
  Dodge: Dodged            |     5 |     7 |    40 |     1 ||    53

Table legend: (Time is in decaauts)
 A = Elapsed time spent in this place.
 B = Non-inter-level travel time spent in this place.
 C = Inter-level travel time spent in this place.
 D = Time resting spent in this place.
 E = Time spent auto-exploring this place.
 F = Levels seen in this place.
 G = Mean time per level.
                   A        B        C        D        E       F      G
               +--------+--------+--------+--------+--------+-----+--------+
         Total |   2294 |   2174 |    120 |   1644 |      0 |   1 | 2294.0 |
       Dungeon |   2294 |   2174 |    120 |   1644 |      0 |   1 | 2294.0 |
               +--------+--------+--------+--------+--------+-----+--------+

Top non-repeatable levels by time:
       D: 2294 daAuts
